 Dungeon Crawl Stone Soup version 0.31-a0-263-ge8cad7f256 (webtiles) character file.

Game seed: 10810845358881013845

88 qw the Shooter (level 4, -1/36 HPs)
             Began as a Minotaur Hexslinger on July 13, 2023.
             Slain by an orc priest
             ... wielding a +0 mace
              (2 damage)
             ... on level 2 of the Dungeon.
             The game lasted 00:00:30 (1733 turns).

qw the Shooter (Minotaur Hexslinger)                Turns: 1733, Time: 00:00:31

Health: -1/36      AC:  4    Str: 13    XL:     4   Next: 29%
Magic:  4/4        EV: 12    Int: 10    God:
Gold:   92         SH:  4    Dex: 14    Spells: 4/5 levels left

rFire   . . .        Y - +1 sling
rCold   . . .        (no shield)
rNeg    . . .        c - +0 robe
rPois   +            (helmet restricted)
rElec   .            (no cloak)
rCorr   .            l - +0 pair of gloves
SInv    .            a - +0 pair of boots
Will    .....        (no amulet)
Stlth   +            (no ring)
HPRegen 0.26/turn    (no ring)
MPRegen 0.09/turn

%: no passive effects
@: no status effects
A: horns 2, retaliatory headbutt, large bone plates 1, poison resistance,
subdued magic 1
a: no special abilities


You were on level 2 of the Dungeon.
You visited 1 branch of the dungeon, and saw 3 of its levels.

You collected 92 gold pieces.


Innate Abilities, Weirdness & Mutations

You have a pair of horns on your head.
You reflexively headbutt those who attack you in melee.
You are partially covered in large bone plates. (SH +4)
Your system is resistant to poisons. (rPois)
Your spells are a little easier to cast, but a little less powerful.


   Skills:
 - Level 2.0 Fighting
 + Level 4.8 Ranged Weapons
 - Level 2.1 Dodging
 - Level 1.0 Spellcasting
 - Level 2.0 Hexes


You had 4 spell levels left.
You knew the following spells:

 Your Spells              Type           Power      Damage    Failure   Level
a - Slow                  Hex            12%        N/A       13%         1

Your spell library contained the following spells:

 Spells                   Type           Power      Damage    Failure   Level
 Inner Flame              Hex/Fire       1%         N/A       52%         3
 Portal Projectile        Hex/Tloc       2%         N/A       52%         3
 Cause Fear               Hex            1%         N/A       80%         4

Inventory:

Hand Weapons
 Y - a +1 sling (weapon)
Armour
 a - a +0 pair of boots (worn)
 c - a +0 robe (worn)
 l - a +0 pair of gloves (worn)
Scrolls
 h - a scroll of identify
Potions
 e - a potion of curing {unknown}
 i - a potion of lignification {unknown}
 j - a potion of mutation
 k - a potion of berserk rage {unknown}

Dungeon Overview and Level Annotations

Branches:
Dungeon (3/15)

Altars:


Message History

What level of the Dungeon? (default 1, ? - help)
You climb downwards.
There is a stone staircase leading up here.
There are monsters nearby!
You shoot a sling bullet. The sling bullet hits the orc priest.
The orc priest is lightly wounded.
The orc priest barely misses you.
You shoot a sling bullet. The sling bullet hits the orc priest.
The orc priest is moderately wounded.
The orc priest closely misses you.
You shoot a sling bullet.
The sling bullet closely misses the orc priest.
The orc priest hits you with a +0 falchion.
The orc priest hits you with a +0 mace.
The orc priest mumbles some strange prayers to Beogh against you.
Pain shoots through your body! The orc priest barely misses you.
1727 ||| STAIRDANCE The orc priest hits you with a +0 falchion.
The orc priest hits you with a +0 mace.
You climb upwards.
There is a stone staircase leading down, spattered with blood here.
You shoot a sling bullet.
The sling bullet hits the orc priest but does no damage.
The orc priest is moderately wounded.
The orc priest barely misses you. The orc priest hits you with a +0 mace.
You shoot a sling bullet. The sling bullet hits the orc priest.
The orc priest is moderately wounded.
You block the orc priest's attack. The orc priest barely misses you.
You shoot a sling bullet. The sling bullet hits the orc priest.
The orc priest is moderately wounded.
The orc priest closely misses you. You furiously retaliate!
You headbutt the orc priest. The orc priest hits you with a +0 mace.
You shoot a sling bullet. The sling bullet hits the orc priest.
You kill the orc priest!
The orc priest hits you with a +0 mace.
You have reached level 4!
You feel stronger.
You shoot a sling bullet.
The sling bullet barely misses the orc priest.
The orc priest hits you with a +0 mace.
You die...

#.# #.# #.# #.#
####.#####.# #..........#
#.##.#####.# #.##.# #.#
#.##.# #.# ####
#.##o#####.#######... ###
#.##@[..............) ##.#
#.##)#####...........
#..###.##.#..##........#.#
#......#<.#..##.##........
#......#..#..##.#######..#
#..##.##..#..##.....# #..#
#..##.##..#..######.# #..#
#.........#..# #.# #..#
#.###.##..#..######.# #..#


You could see an orc priest.

Vanquished Creatures
  An orc priest (D:2)
  3 adders (D:2)
  A worm (D:2)
  A dart slug (D:2)
  2 orcs (D:2)
  An endoplasm (D:2)
  3 goblins (D:2)
  A hobgoblin (D:1)
  A jackal (D:2)
  A quokka (D:1)
  4 ball pythons
  3 bats (D:2)
  2 frilled lizards
  A kobold (D:2)
  2 rats
27 creatures vanquished.

Notes
Turn   | Place    | Note
-------+----------+-------------------------------------------
     0 | D:1      | qw the Minotaur Hexslinger began the quest for the Orb.
     0 | D:1      | Reached XP level 1. HP: 16/16 MP: 1/1
     0 | D:1      | 0 ||| qw: Version: 0.3-a-52-g30416fa
     0 | D:1      | 0 ||| qw: Game counter: 7213
     0 | D:1      | 0 ||| qw: Melee chars always use a shield: true
     0 | D:1      | 0 ||| qw: God list: Okawaru
     0 | D:1      | 0 ||| qw: Allow faded altars: false
     0 | D:1      | 0 ||| qw: Do Orc after clearing Dungeon:15 true
     0 | D:1      | 0 ||| qw: Do second Lair branch before Depths: true
     0 | D:1      | 0 ||| qw: Lair rune preference: random
     0 | D:1      | 0 ||| qw: Goals: Normal
     0 | D:1      | 0 ||| PLANNING D:1-11
   633 | D:1      | 633 ||| READING scroll labelled MOATET UCOUPOPT.
   634 | D:1      | 634 ||| READING scroll labelled XEPNOSUJIR.
   635 | D:1      | 635 ||| READING 2 scrolls labelled XACASA HYNN.
   636 | D:1      | 636 ||| READING 2 scrolls labelled PUFAWO ZU EXTU.
   637 | D:1      | 637 ||| DROPPING scroll of poison.
   638 | D:1      | 638 ||| DROPPING scroll of amnesia.
   741 | D:2      | Reached skill level 3 in Ranged Weapons
   741 | D:2      | Reached XP level 2. HP: 23/23 MP: 2/2
   758 | D:2      | 758 ||| FLEEEEING.
   975 | D:2      | Reached XP level 3. HP: 16/29 MP: 3/3
  1180 | D:2      | Reached skill level 4 in Ranged Weapons
  1446 | D:2      | 1446 ||| UPGRADING to +0 pair of boots.
  1451 | D:2      | 1451 ||| UPGRADING to +0 pair of gloves.
  1456 | D:2      | 1456 ||| READING scroll labelled RACKUE KUMY.
  1457 | D:2      | 1457 ||| READING scroll labelled WIKHUJ FURYNAY.
  1458 | D:2      | 1458 ||| READING scroll labelled SONISIRECO.
  1463 | D:2      | 1463 ||| DRINKING 2 smoky orange potions.
  1463 | D:2      | Gained mutation: Your spells are a little easier to cast,
                  | but a little less powerful. [potion of mutation]
  1463 | D:2      | Gained mutation: You are partially covered in large bone
                  | plates. (SH +4) [potion of mutation]
  1463 | D:2      | Gained mutation: Your system is resistant to poisons.
                  | (rPois) [potion of mutation]
  1464 | D:2      | 1464 ||| READING 2 scrolls of identify.
  1464 | D:2      | 1464 ||| IDENTIFYING fizzy black potion
  1465 | D:2      | 1465 ||| DROPPING potion of attraction.
  1572 | D:3      | 1572 ||| Stepping ~*~*~tactically~*~*~ (outnumbered).
  1574 | D:3      | 1574 ||| Stepping ~*~*~tactically~*~*~ (outnumbered).
  1576 | D:3      | 1576 ||| FLEEEEING.
  1578 | D:3      | 1578 ||| FLEEEEING.
  1580 | D:3      | 1580 ||| FLEEEEING.
  1581 | D:3      | 1581 ||| FLEEEEING.
  1582 | D:3      | 1582 ||| FLEEEEING.
  1583 | D:3      | 1583 ||| FLEEEEING.
  1584 | D:3      | 1584 ||| FLEEEEING.
  1585 | D:3      | 1585 ||| STAIRDANCE
  1632 | D:3      | 1632 ||| STAIRDANCE
  1727 | D:3      | 1727 ||| STAIRDANCE
  1731 | D:2      | HP: 6/29 [orc priest/+0 mace (4)]
  1732 | D:2      | HP: 1/29 [orc priest/+0 mace (5)]
  1733 | D:2      | Reached XP level 4. HP: 1/36 MP: 4/4
  1733 | D:2      | Slain by an orc priest

Levels and vault maps discovered:
D:1:      saegor_arrival_simple_a, layout_basic
D:2:      minmay_skewed_foursquare, layout_basic
D:3:      layout_basic, solitary_fountain, hangedman_decor_growths

Skill      XL: |  1  2  3 |
---------------+----------+-----
Ranged Weapons | 3 4 |  4.8
Fighting       | 2 |  2.0
Dodging        | |  2.1
Spellcasting   | |  1.0
Hexes          | |  2.0

Action                     |  1- 3 |  4- 6 || total
---------------------------+-------+-------++-------
   Fire: Sling             |    81 |     1 ||    82
    Use: Scroll            |     8 |       ||     8
         Potion            |     1 |       ||     1
 Armour: Robe              |     4 |       ||     4
  Dodge: Dodged            |    19 |       ||    19
  Block: Other             |     1 |       ||     1

Table legend:
 A = Non-vault XP
 B = Vault XP
 C = Vault XP percentage of total XP
 D = Non-vault monster count
 E = Vault monster count
 F = Vault count percentage of total count
                 A         B        C        D         E       F
            +---------+---------+-------+---------+---------+-------
      Total |     120 |       6 |   4.8 |      23 |       4 |  14.8
            +---------+---------+-------+---------+---------+-------
        D:1 |       6 |       0 |   0.0 |       4 |       0 |   0.0
        D:2 |     112 |       6 |   5.1 |      18 |       4 |  18.2
        D:3 |       2 |       0 |   0.0 |       1 |       0 |   0.0
            +---------+---------+-------+---------+---------+-------
